 Dungeon Crawl Stone Soup version 0.15.1-1-gfacfea3 (webtiles) character file.

6148 Johnny the Firebug (level 10, -4/78 (83) HPs)
             Began as a Demigod Fire Elementalist on Sept 27, 2014.
             Engulfed by a cloud of freezing vapour (20 damage)
             ... in an ice cave.
             The game lasted 00:34:22 (11161 turns).

Johnny the Firebug (Demigod Fire Elementalist)     Turns: 11161, Time: 00:34:22

HP  -4/78 (83)   AC 11     Str 14      XL: 10   Next: 34%
MP   7/26        EV 11     Int 25      God:
Gold 419         SH  0     Dex 20      Spells:  3 memorised, 10 levels left

rFire  + . .     SeeInvis .     p - +3 falchion (curse)
rCold  . . .     Clarity  .     k - +0 ring mail
rNeg   . . .     rCorr    .     (no shield)
rPois  .         rRot     .     (no helmet)
rElec  .         Spirit   .     u - +0 cloak
SustAb .         Warding  .     l - +1 pair of gloves {Dex+3}
rMut   .         Stasis   .     (no boots)
Gourm  .                        (no amulet)
MR     +....                    v - +2 ring of protection
                                y - ring of protection from fire

@: very slightly contaminated, somewhat resistant to hostile enchantments,
unstealthy
A: strong 1, evolution 1
a: no special abilities


You were in an ice cave.
You were very hungry.

You visited 2 branches of the dungeon, and saw 10 of its levels.
You also visited: Ice Cave.

You collected 419 gold pieces.

Inventory:

Hand weapons
 f - a +1 hand axe of flaming
 p - a cursed +3 falchion (weapon)
 t - a +3 quarterstaff of chaos
Armour
 k - a +0 ring mail (worn)
 l - a +1 pair of gloves of dexterity (worn)
 u - a +0 cloak (worn)
Magical devices
 a - a wand of cold (0)
 j - a wand of cold (0)
 s - a wand of flame (6)
 D - a wand of digging (13)
 E - a wand of draining (0)
Comestibles
 c - 9 bread rations
 h - 5 meat rations
Scrolls
 r - a scroll of recharging
 x - 2 scrolls of magic mapping
Jewellery
 d - an uncursed ring of stealth
 v - a +2 ring of protection (right hand)
 y - a ring of protection from fire (left hand)
Potions
 g - a potion of brilliance
 i - a potion of magic
 m - a potion of haste
 n - a potion of restore abilities
 A - a potion of agility
 B - a potion of poison {unknown}
Books
 b - a book of Flames

   Spells                             Type                      Level
   *Flame Tongue                      Conjuration/Fire             1
   Throw Flame                        Conjuration/Fire             2
   Conjure Flame                      Conjuration/Fire             3
   Inner Flame                        Hexes/Fire                   3
   *Sticky Flame                      Conjuration/Fire             4
   *Fireball                          Conjuration/Fire             5
 e - a tome of Destruction


   Skills:
 * Level 5.9 Fighting
 + Level 4.0 Armour
 + Level 4.3 Dodging
 + Level 4.5 Stealth
 * Level 5.8 Spellcasting
 * Level 6.1 Conjurations
 * Level 6.8 Fire Magic
 + Level 4.2 Evocations


You had 10 spell levels left.
You knew the following spells:

 Your Spells              Type           Power        Failure   Level  Hunger
a - Flame Tongue          Conj/Fire      #####        1%          1    None
b - Sticky Flame          Conj/Fire      #####...     10%         4    ###....
c - Fireball              Conj/Fire      #####.....   21%         5    #####..


Dungeon Overview and Level Annotations

Branches:
Dungeon (9/15)             Temple (0/1) D:7            Lair (1/8) D:9
    Orc: D:9-12

Shops:
D:4 (   D:6 (

Annotations:
D:9 Erolcha


Innate Abilities, Weirdness & Mutations

Your muscles are strong. (Str +2)
You evolve.


Message History

The yak misses you.
Evoke which item? (* to show all) (? for menu, Esc to quit)
Zapping:
E - a wand of draining {recharged}
Press: ? - help, Shift-Dir - straight line, f/p - yak
Aim: a yak (heavily wounded, lightly drained)
The bolt of negative energy hits the yak.
The yak is drained!
The yak is severely wounded.
The yak barely misses you.
Evoke which item? (* to show all) (? for menu, Esc to quit)
Zapping:
E - a wand of draining {zapped: 1}
Press: ? - help, Shift-Dir - straight line, f/p - yak
Aim: a yak (severely wounded, lightly drained)
The bolt of negative energy hits the yak.
The yak is drained!
You kill the yak!
Your Armour skill increases to level 4!
You start resting.
You are engulfed in freezing vapours.
You die...

##.#....##
##.[..##%§##
∩##..####..#
####..###..# ## .#
#..##...## .## #..
####...##...##
####..#..
###...####...#
##§§#Y§.
#...####.#.#####§§§#§#
...## ##.#.##§§@##.#
..## ##§§§§####### ###
###### #


There were no monsters in sight!

Vanquished Creatures
  Joseph (D:8)
  Psyche (D:8)
  2 polar bears (IceCv)
  Prince Ribbit (D:8)
  A deep elf mage (D:9)
  A spriggan (D:7)
  7 yaks
  A hippogriff (D:7)
  A wyvern (D:8)
  2 hungry ghosts (D:7)
  A wolf (IceCv)
  A deep elf fighter (D:9)
  A phantom (D:6)
  2 sky beasts
  An ice beast (D:9)
  A black bear (D:6)
  A necrophage (D:6)
  2 orc warriors (D:9)
  4 ogres
  2 centaurs (D:5)
  A crocodile (D:9)
  6 giant frogs
  2 scorpions
  3 wights (D:6)
  A crimson imp (D:7)
  An orc priest (D:9)
  4 hounds
  Crazy Yiuf (D:2)
  A centaur zombie (D:6)
  2 iguanas
  An orc wizard (D:9)
  2 worker ants
  An ogre zombie (D:7)
  A big kobold zombie (D:6)
  Ijyb (D:5)
  A hound skeleton (D:6)
  9 gnolls
  9 adders
  3 green rats
  A scorpion zombie (D:5)
  3 shadow imps
  12 white imps (Lair:1)
  2 worms
  4 giant mites
  2 adder skeletons (D:4)
  9 giant geckos
  15 orcs
  2 ball pythons
  24 bats
  2 bat zombies (D:9)
  9 goblins
  12 hobgoblins
  2 jackals (D:5)
  10 kobolds
  5 quokkas
  A ball python skeleton (D:4)
  6 giant cockroaches
  7 giant newts
  A giant spore (D:8)
  A gnoll skeleton (D:5)
  3 hobgoblin skeletons
  2 kobold skeletons
  20 rats
  A rat skeleton (D:7)
  2 rat zombies (D:9)
  3 ballistomycetes (D:8)
  A fungus (D:9)
246 creatures vanquished.

Vanquished Creatures (others)
  A wolf (IceCv)
1 creature vanquished.

Grand Total: 247 creatures vanquished

Notes
Turn   | Place    | Note
--------------------------------------------------------------
     0 | D:1      | Johnny, the Demigod Fire Elementalist, began the quest for the Orb.
     0 | D:1      | Reached XP level 1. HP: 14/14 MP: 3/3
   213 | D:1      | Reached skill level 1 in Conjurations
   954 | D:2      | Reached XP level 2. HP: 18/20 MP: 4/4
  1230 | D:2      | Reached XP level 3. HP: 9/27 MP: 6/8
  1684 | D:2      | Reached skill level 1 in Fighting
  1756 | D:2      | Noticed Crazy Yiuf
  1764 | D:2      | Killed Crazy Yiuf
  1764 | D:2      | Reached skill level 3 in Fire Magic
  1764 | D:2      | Reached XP level 4. HP: 10/35 MP: 3/10
  1995 | D:2      | Learned a level 4 spell: Sticky Flame
  2159 | D:3      | Reached skill level 1 in Armour
  2322 | D:3      | Found a shattered altar of Ashenzari.
  2890 | D:3      | Reached XP level 5. HP: 34/41 MP: 2/12
  3791 | D:4      | Noticed a sky beast
  3801 | D:4      | Killed a sky beast
  3801 | D:4      | Reached XP level 6. HP: 30/48 MP: 2/15
  3961 | D:4      | Noticed an ogre
  3969 | D:4      | Killed an ogre
  3969 | D:4      | Reached skill level 1 in Evocations
  4082 | D:4      | Found Smoar's Antique Weapon Emporium.
  4810 | D:5      | Entered Level 5 of the Dungeon
  5233 | D:5      | Noticed Ijyb
  5247 | D:5      | Killed Ijyb
  5443 | D:5      | Reached XP level 7. HP: 33/56 MP: 2/18
  6105 | D:5      | Reached skill level 4 in Fire Magic
  6586 | D:6      | Found Isist's Antique Weapon Shoppe.
  7058 | D:6      | Reached XP level 8. HP: 40/63 MP: 20/20
  7447 | D:6      | Reached skill level 5 in Fire Magic
  7526 | D:6      | Found a white marble altar of Elyvilon.
  7654 | D:7      | Found a blossoming altar of Fedhas.
  7702 | D:7      | Found a radiant altar of Vehumet.
  7953 | D:7      | Found a staircase to the Ecumenical Temple.
  8184 | D:7      | Learned a level 5 spell: Fireball
  8478 | D:7      | Reached skill level 5 in Conjurations
  8478 | D:7      | Reached XP level 9. HP: 16/67 MP: 14/23
  8969 | D:8      | Found a shadowy altar of Dithmenos.
  9129 | D:8      | Noticed Psyche
  9136 | D:8      | Killed Psyche
  9150 | D:8      | Noticed Prince Ribbit
  9160 | D:8      | Killed Prince Ribbit
  9196 | D:8      | Noticed Joseph
  9208 | D:8      | Killed Joseph
  9208 | D:8      | Reached skill level 5 in Spellcasting
  9209 | D:8      | Reached skill level 5 in Fighting
  9306 | D:8      | Reached skill level 6 in Fire Magic
  9637 | D:9      | Found a staircase to the Lair.
  9803 | D:9      | Gained mutation: You evolve. [potion of beneficial mutation]
 10167 | D:9      | Noticed Erolcha
 10195 | D:9      | Reached XP level 10. HP: 76/76 MP: 13/25
 10263 | D:9      | Gained mutation: Your muscles are strong. (Str +2) [evolution]
 10314 | Lair:1   | Entered Level 1 of the Lair of Beasts
 10316 | Lair:1   | Found a frozen archway.
 10390 | IceCv    | Entered an ice cave
 11161 | IceCv    | Engulfed by a cloud of freezing vapour

Action                   |  1- 3 |  4- 6 |  7- 9 | 10-12 || total
-------------------------+-------+-------+-------+-------++-------
Melee: Unarmed           |    15 |       |       |       ||    15
       Short sword       |    53 |       |       |       ||    53
       Hammer            |       |    76 |   164 |       ||   240
       Quarterstaff      |       |       |   107 |       ||   107
       Falchion          |       |       |   109 |    36 ||   145
 Cast: Flame Tongue      |    26 |   135 |    67 |    15 ||   243
       Sticky Flame      |       |    12 |    58 |    14 ||    84
       Fireball          |       |       |     1 |     1 ||     2
Evoke: Wand              |       |       |    18 |    12 ||    30
  Use: Potion            |     3 |     2 |     1 |     3 ||     9
       Scroll            |       |    10 |     5 |     1 ||    16
 Stab: Sleeping          |     3 |     2 |     5 |       ||    10
       Paralysed         |       |       |     2 |       ||     2
  Eat: Chunk             |     3 |    13 |    22 |     1 ||    39
       Beef jerky        |       |     1 |     2 |     1 ||     4
       Pizza             |       |       |     1 |     1 ||     2
       Fruit             |       |       |     1 |     2 ||     3
